 Dungeon Crawl Stone Soup version 0.27-a0-1332-g84bddb5ca7 (webtiles) character file.

Game seed: 14639585433012545025

2 Brandom the Sneak (level 1, -1/18 HPs)
             Began as a Demigod Delver on June 26, 2021.
             Slain by an orc wizard (2 damage)
             ... on level 4 of the Dungeon.
             The game lasted 00:00:39 (151 turns).

Brandom the Sneak (Demigod Delver)                   Turns: 151, Time: 00:00:40

Health: -1/18      AC:  3    Str: 13    XL:     1   Next: 26%
Magic:  3/3        EV: 12    Int: 12    God:
Gold:   0          SH:  0    Dex: 15    Spells: 0/0 levels left

rFire    . . .     SeeInvis .   a - +0 falchion
rCold    . . .     Faith    .   (no shield)
rNeg     . . .     Spirit   .   b - +0 leather armour
rPois    .         Reflect  .   (no helmet)
rElec    .         Harm     .   (no cloak)
rCorr    .         Rampage  .   (no gloves)
Will     .....                  (no boots)
Stlth    +.........             (no amulet)
HPRegen  0.06/turn              (no ring)
MPRegen  0.08/turn              (no ring)

@: confused
A: high mp 1, forlorn
a: no special abilities


You were on level 4 of the Dungeon.
You visited 1 branch of the dungeon, and saw 3 of its levels.

Inventory:

Hand Weapons
 a - a +0 falchion (weapon)
Armour
 b - a +0 leather armour (worn)
Wands
 v - a wand of digging (3)
Scrolls
 c - a scroll of fog
 d - a scroll of magic mapping
 e - a scroll of fear
Potions
 f - a potion of haste {@q3}


   Skills:
 * Level 2.7 Fighting
 * Level 1.8 Long Blades
 + Level 0.1 Armour
 + Level 1.8 Dodging
 - Level 4.5 Stealth


You couldn't memorise any spells.
You didn't know any spells.
Your spell library was empty.

Dungeon Overview and Level Annotations

Branches:
Dungeon (5/15)
 Temple: D:4-7


Innate Abilities, Weirdness & Mutations

Your attributes grow dramatically as you level up.
You have an increased reservoir of magic. (+10% MP)
You shall have no god before yourself.


Message History

You climb upwards.
The orc wizard shouts! 3 orcs and an orc wizard come into view.
Found a runed dagger.
There is a stone staircase leading down here.
The orc wizard hits you with a +0 dagger.
You climb downwards.
There is a stone staircase leading up here.
You completely miss the orc wizard.
The orc wizard hits you with a +0 dagger.
You hit the orc wizard but do no damage.
The orc wizard barely misses you.
You riposte.
You barely miss the orc wizard.
You hit the orc wizard but do no damage.
The orc wizard barely misses you.
You closely miss the orc wizard. The orc wizard completely misses you.
You completely miss the orc wizard.
The orc wizard hits you but does no damage.
The orc wizard closely misses you.
You hit the orc wizard.
The orc wizard hits you with a +0 dagger.
Unknown command.
Unknown command.
You completely miss the orc wizard. The orc wizard barely misses you.
Unknown command.
You hit the orc wizard.
The orc wizard hits you with a +0 dagger.
* * * LOW HITPOINT WARNING * * *
You hit the orc wizard but do no damage.
The orc wizard hits you with a +0 dagger.
* * * LOW HITPOINT WARNING * * *
You hit the orc wizard.
The orc wizard hits you with a +0 dagger.
* * * LOW HITPOINT WARNING * * *
The orc wizard gestures at you while chanting.
You resist with significant effort.
You hit the orc wizard. The orc wizard closely misses you.
Unknown command.
You closely miss the orc wizard. The orc wizard casts a spell at you.
You are confused.
The orc wizard hits you with a +0 dagger.
* * * LOW HITPOINT WARNING * * *
Unknown command.
Unknown command.
You miss the orc wizard.
The orc wizard hits you with a +0 dagger.
* * * LOW HITPOINT WARNING * * *
You miss the orc wizard.
The orc wizard hits you with a +0 dagger.
You die...

#.....#
#.....#
#.....#
######.....#
.......>...#
#####......#
##......#
#.....<.#
#.#...@o#
...#######
..# .#


You could see an orc wizard.

Vanquished Creatures
  A giant cockroach (D:4)
  A hobgoblin (D:4)
2 creatures vanquished.

Notes
Turn   | Place    | Note
-------+----------+-------------------------------------------
     0 | D:5      | Brandom the Demigod Delver began the quest for the Orb.
     0 | D:5      | Reached XP level 1. HP: 18/18 MP: 3/3
     7 | D:5      | Noticed a hound
   133 | D:3      | Noticed an orc wizard
   133 | D:3      | Noticed an orc wizard
   151 | D:4      | Slain by an orc wizard

Illustrated notes

Levels and vault maps discovered:
D:3:      layout_loops_corners, grunt_decor_junction, uniq_ijyb, uniq_jessica,
          uniq_sigmund
D:4:      layout_rooms, nicolae_overflow_crystal_walls,
          nicolae_ashenzari_skybound, grunt_temple_overflow_open,
          uniq_blork_the_orc
D:5:      layout_rooms, gup_sewer_entry_bowl

Action                   || total
-------------------------++-------
Melee: Falchion          ||    21
Armor: Leather armour    ||     4
Dodge: Dodged            ||    10
       Rpst.: Falchion   ||     1

Table legend: (Time is in decaauts)
 A = Elapsed time spent in this place.
 B = Non-inter-level travel time spent in this place.
 C = Inter-level travel time spent in this place.
 D = Time resting spent in this place.
 E = Time spent auto-exploring this place.
 F = Levels seen in this place.
 G = Mean time per level.
                   A        B        C        D        E       F      G
               +--------+--------+--------+--------+--------+-----+--------+
         Total |    155 |    155 |      0 |    109 |      4 |   3 |   51.7 |
       Dungeon |    155 |    155 |      0 |    109 |      4 |   3 |   51.7 |
               +--------+--------+--------+--------+--------+-----+--------+

Top non-repeatable levels by time:
     D:4: 140 daAuts
     D:5: 12 daAuts
     D:3: 2 daAuts
